Unix NetHack Version 5.0.0-0 post-release - last build May 10 2026 23:12:36 (d1fa5d53e341ca933230fdaa984d921c805b60aa,branch:main).

Game began 2026-05-12 08:03:52, ended 2026-05-12 08:13:10.

2932467751, chaotic female elven Wizard

                                               ---
                                               ..-
                                               ..
                                               ..
                                               ..
                                               .
                                              ..
                                              ..
                                    ---       ..
                               -. ---..-      .
                                `..|....      .-
                                  .......-  --G--
                                   -......---...|
                                     ...........
                                       -.......-
                                         -.)h..|
                                         |..f@--
                                         ------

2932467751 the Evoker     St:13 Dx:10 Co:14 In:20 Wi:9 Ch:9  Chaotic
Dlvl:3  $:11 HP:0(11) Pw:8(8) AC:9  Xp:1 T:285 

Latest messages:
 Are you waiting to get hit?  Use 'm' prefix to force a no-op (to rest).
 Are you waiting to get hit?  Use 'm' prefix to force a no-op (to rest).
 Are you waiting to get hit?  Use 'm' prefix to force a no-op (to rest).
 Are you waiting to get hit?  Use 'm' prefix to force a no-op (to rest).
 Are you waiting to get hit?  Use 'm' prefix to force a no-op (to rest).
 You miss the jackal.
 The jackal bites!
 The kitten misses the jackal.
 You kill the jackal!
 Your kitten eats a jackal corpse.
 You swap places with your kitten.
 The door resists!
 The door opens.
 You can't go up here.
 You descend the stairs.
 You see here a food ration.
 q - a food ration (2 in total).
 You can't go down here.
 You climb up the stairs.
 You descend the stairs.
 The door resists!
 The door opens.
 You see here 4 gold pieces.
 $ - 4 gold pieces (11 in total).
 You descend the stairs.
 The kitten bites the gnome.
 The gnome is killed!
 The kitten picks up a violet gem.
 Are you waiting to get hit?  Use 'm' prefix to force a no-op (to rest).
 Are you waiting to get hit?  Use 'm' prefix to force a no-op (to rest).
 Are you waiting to get hit?  Use 'm' prefix to force a no-op (to rest).
 Are you waiting to get hit?  Use 'm' prefix to force a no-op (to rest).
 Are you waiting to get hit?  Use 'm' prefix to force a no-op (to rest).
 You hit the dwarf.
 The kitten drops a violet gem.
 The dwarf wields a pick-axe!
 You miss the dwarf.
 The kitten picks up a violet gem.
 The dwarf swings his pick-axe.
 The dwarf hits!
 You miss the dwarf.
 You hit the dwarf!
 The dwarf swings his pick-axe.
 The dwarf hits!
 You die...
 Do you want your possessions identified? [ynq] (y) y
 Do you want to see your attributes? [ynq] (y) y
 Do you want an account of creatures vanquished? [ynaq] (y) y
 Do you want to see your conduct and achievements? [ynq] (y) y
 Do you want to see the dungeon overview? [ynq] (y) y

Inventory:
 Coins    ('$')
  $ - 11 gold pieces
 Weapons  (')')
  a - a blessed +1 quarterstaff (weapon in hands)
 Armor    ('[')
  b - an uncursed +0 cloak of magic resistance (being worn)
 Comestibles  ('%')
  q - 2 uncursed food rations
  p - an uncursed lichen corpse
 Scrolls  ('?')
  i - a blessed scroll of confuse monster
  j - an uncursed scroll of light
  k - an uncursed scroll of punishment
 Spellbooks  ('+')
  l - a blessed spellbook of force bolt
  m - an uncursed spellbook of protection
 Potions  ('!')
  f - an uncursed potion of fruit juice
  g - an uncursed potion of healing
  h - a blessed potion of sleeping
 Rings    ('=')
  d - an uncursed ring of slow digestion
  e - an uncursed ring of sustain ability
 Wands    ('/')
  c - a wand of sleep (0:4)
 Tools    ('(')
  o - an uncursed bell
  n - a magic marker (0:22)

2932467751 the Wizard's attributes:

Background:
 You were an Evoker, a level 1 female elven Wizard.
 You were chaotic, on a mission for Anhur
 who was opposed by Ptah (lawful) and Thoth (neutral).
 You were right-handed.
 You were in the Gnomish Mines, on level 3.
 You entered the dungeon 285 turns ago.
 You had 5 experience points, 15 more were needed to attain level 2.

Basics:
 You had 0 out of 11 hit points.
 You had all 8 energy points (spell power).
 Your armor class was 9.
 Your wallet contained 11 zorkmids.
 Autopickup was off.

Final Characteristics:
 Your strength was 13 (limit:18).
 Your dexterity was 10 (limit:18).
 Your constitution was 14 (limit:16).
 Your intelligence was 20 (limit:20).
 Your wisdom was 9 (limit:20).
 Your charisma was 9 (limit:18).

Final Status:
 You weren't hungry.
 You were unencumbered.
 You were wielding a quarterstaff.
 You had basic skill with quarterstaff.

Final Attributes:
 You were fervently aligned.
 You were magic-protected.
 You had infravision.
 You were warded.
 You are dead.

Miscellaneous:
 You didn't encounter any bones levels.
 Total elapsed playing time was 9 minutes and 12 seconds.

Major events:
 Turn
    1: 2932467751 the chaotic female elven Wizard entered the dungeon
  275: entered the Gnomish Mines
  285: killed by a dwarf

Spells:
 Name                 Level Category     Fail Retention
 force bolt             1   attack         0%  91%-100%
 protection             1   clerical       0%  76%-100%

Skills:
 Fighting Skills
   bare handed combat [Unskilled]
   riding             [Unskilled]
 Weapon Skills
   dagger             [Unskilled]
   knife              [Unskilled]
   axe                [Unskilled]
   short sword        [Unskilled]
   club               [Unskilled]
   mace               [Unskilled]
   quarterstaff       [Basic]
   polearms           [Unskilled]
   spear              [Unskilled]
   trident            [Unskilled]
   sling              [Unskilled]
   dart               [Unskilled]
   shuriken           [Unskilled]
 Spellcasting Skills
   attack spells      [Basic]
   healing spells     [Unskilled]
   divination spells  [Unskilled]
   enchantment spells [Basic]
   clerical spells    [Unskilled]
   escape spells      [Unskilled]
   matter spells      [Unskilled]

Voluntary challenges:
 Character rerolling was not enabled.
 You went without food.
 You were an atheist.
 You were illiterate.
 You never genocided any monsters.
 You never polymorphed an object.
 You never changed form.
 You used no wishes.
Achievement:
 You entered the Gnomish Mines.

 The Dungeons of Doom: levels 1 to 2
    Level 1:
    Level 2:
       Stairs down to The Gnomish Mines.
 The Gnomish Mines:
    Level 3: <- You were here.
       Final resting place for
          you, killed by a dwarf.


Vanquished creatures:
  a gnome
  a jackal
  a lichen
3 creatures vanquished.

No species were genocided or became extinct.

Game over:
                       ----------
                      /          \
                     /    REST    \
                    /      IN      \
                   /     PEACE      \
                  /                  \
                  |    2932467751    |
                  |      11 Au       |
                  |   killed by a    |
                  |      dwarf       |
                  |                  |
                  |                  |
                  |       2026       |
                 *|     *  *  *      | *
        _________)/\\_//(\/(/\)/\//\/|_)_______

Goodbye 2932467751 the Wizard...

You died in The Gnomish Mines on dungeon level 3 with 130 points,
and 11 pieces of gold, after 285 moves.
You were level 1 with a maximum of 11 hit points when you died.

